 Dungeon Crawl Stone Soup version 0.31.0-11-ge490571c62 (webtiles) character file.

Game seed: 11901790619053911963

1526 VAZYLA the Covert (level 8, 0/45 (60) HPs)
             Began as a Vampire Brigand on Feb 7, 2024.
             Was a Follower of Uskayaw.
             Slain by Duvessa the centaur
             ... wielding a +1 short sword of draining
              (4 damage)
             ... on level 6 of the Dungeon.
             The game lasted 00:07:34 (4536 turns).

VAZYLA the Covert (Vampire Brigand)                 Turns: 4536, Time: 00:07:34

HP:   0/45 (60)     AC:  9    Str: 12    XL:     8   Next: 54%
MP:   12/18         EV: 11    Int: 14    God:    Uskayaw [*.....]
Gold: 318           SH:  0    Dex: 15    Spells: 7/7 levels left

rFire   + . .        a - +3 dagger
rCold   + + .        (no shield)
rNeg    . . .        j - +0 leather armour
rPois   +            t - +0 helmet of Uskayaw's Pride {rC+ MP+9}
rElec   +            c - +0 cloak
rCorr   +            (no gloves)
SInv    +            (no boots)
Will    .....        h - amulet of regeneration
Stlth   ++++         f - +4 ring of protection
HPRegen 1.27/turn    (no ring)
MPRegen 0.16/turn

%: no passive effects
@: resistant, healing quickly, very heavily drained
A: alive, fangs 3, see invisible, vampiric 2
a: Exsanguinate, Renounce Religion, Stomp


You were on level 6 of the Dungeon.
You worshipped Uskayaw.
Uskayaw was noncommittal.
You visited 2 branches of the dungeon, and saw 7 of its levels.

You collected 318 gold pieces.

Inventory:

Hand Weapons
 a - a +3 dagger (weapon)
Missiles
 d - 9 poisoned darts (quivered)
 e - 2 curare-tipped darts
Armour
 b - a +0 robe
 c - a +0 cloak (worn)
 g - a +1 helmet
 j - a +0 leather armour (worn)
 t - the +0 helmet of Uskayaw's Pride (worn) {rC+ MP+9}
   (You found it on level 4 of the Dungeon)

   rC+:       It protects you from cold.
   MP+9:      It affects your magic capacity (+9).
Magical Staves
 m - a staff of air
Jewellery
 f - a +4 ring of protection (left hand)
 h - an amulet of regeneration (around neck)
Wands
 q - a wand of polymorph (9)
Scrolls
 p - a scroll of enchant weapon
 r - 2 scrolls of vulnerability
Potions
 i - a potion of lignification {unknown}
 k - 3 potions of degeneration
 n - a potion of cancellation
 v - a potion of berserk rage {unknown}
 w - a potion of might {unknown}
 x - a potion of brilliance {unknown}


   Skills:
 + Level 4.0 Fighting
 * Level 6.9 Short Blades
 + Level 3.8 Throwing
 - Level 1.1 Dodging
 * Level 10.8 Stealth
 + Level 2.5 Invocations


You had 7 spell levels left.
You didn't know any spells.
Your spell library contained the following spells:

 Spells                   Type           Power      Damage    Failure   Level
 Shock                    Conj/Air       0%         1d3       36%         1
 Dazzling Flash           Conj/Hex       0%         N/A       73%         3
 Swiftness                Air            0%         N/A       73%         3
 Volatile Blastmotes      Fire/Tloc      0%         2d10      73%         3
 Airstrike                Air            0%         2d(0-16)  98%         4
 Starburst                Conj/Fire      0%         6d3       100%        6
 Maxwell's Capacitive Co  Air            0%         ∞         100%        8


Dungeon Overview and Level Annotations

Branches:
Dungeon (6/15)             Temple (1/1) D:5

Altars:
Cheibriados
Dithmenos
Fedhas
Hepliaklqana
Kikubaaqudgha
Makhleb
Nemelex Xobeh
Okawaru
Qazlal
Ru
Trog
Uskayaw
Vehumet
Wu Jian
Xom
Yredelemnul

Annotations:
D:6 Dowan, Duvessa


Innate Abilities, Weirdness & Mutations

Your natural rate of healing is accelerated.
You have razor-sharp teeth.
You have supernaturally acute eyesight. (SInv)
You are afflicted with vampirism and can become a bat while bloodless.


Message History

Duvessa hits you but does no damage.
You feel drained.
Dowan says, "Magic and the sword, together, will defeat you."
Dowan gestures wildly while chanting.
Dowan blinks!
The orc warrior hits you but does no damage.
You can now stomp with the beat.
Duvessa hits you with a +1 short sword of draining.
* * * LOW HITPOINT WARNING * * *
You feel drained.
* * * LOW HITPOINT WARNING * * *
You hit Duvessa.
Duvessa is moderately wounded.
Duvessa hits you but does no damage.
You feel drained.
Okay, then.
Aiming: Polymorph
Press: ? - help, Shift-Dir - straight line, f - Duvessa
Aim: Duvessa, wielding a +1 short sword of draining and wearing a +0 leather armour (moderately wounded, fast, will become a centaur, a tengu, or a wolf, chance to affect: 31%) Duvessa evaporates and reforms as a centaur!
Duvessa picks up a +1 short sword of draining.
Duvessa wields a +1 short sword of draining.
You sense an unholy aura.
The orc barely misses you.
You hit Duvessa but do no damage.
Duvessa is heavily wounded.
Duvessa attacks as it pursues you! Duvessa hits you but does no damage.
You feel drained. Duvessa kicks you but does no damage.
Duvessa hits you with a +1 short sword of draining.
* * * LOW HITPOINT WARNING * * *
You feel drained.
* * * LOW HITPOINT WARNING * * *
Duvessa barely misses you.
It was a potion of cancellation.
You feel magically purged.
Duvessa hits you with a +1 short sword of draining.
* * * LOW HITPOINT WARNING * * *
You feel drained. Duvessa barely misses you.
The orc hits you from afar with a +0 trident.
* * * LOW HITPOINT WARNING * * *
It was a potion of resistance.
You feel protected.
Duvessa hits you with a +1 short sword of draining.
You die...

....###### ##.#........
##..#.≈≈≈≈≈≈≈
#..##.≈......
##..##)≈.§≈≈≈§
##.eo.eo..≈...≈
######..####o≈.≈._.≈
#####......### #c≈.≈...≈
......####...# #@≈..§≈≈≈
.#.#...#.o.#.###.≈......
.....#...#o...##.≈≈≈≈≈≈≈
..#....#....#.##........
.....#...#.....####.....
.#.#.......#.#.... .....
......#.#......... .....
#...#.....#...#... ....
..#....#....#.....


You could see an orc warrior, Dowan, Duvessa the centaur and an orc.

Vanquished Creatures
  Grinder (D:6)
  Sigmund (D:6)
  A water moccasin (D:5)
  An ice beast (D:5)
  2 ogres (D:5)
  2 black bears
  2 bullfrogs (D:6)
  2 orc priests
  A hound (D:5)
  2 jellies
  2 orc wizards (D:6)
  5 iguanas
  6 adders
  2 white imps (D:6)
  3 dart slugs (D:1)
  12 orcs
  9 ball pythons
  7 endoplasms
  3 giant cockroaches
  2 goblins (D:4)
  5 hobgoblins
  6 jackals
  A kobold (D:2)
  5 quokkas
  10 bats
  12 frilled lizards
  6 rats
111 creatures vanquished.

Notes
Turn   | Place    | Note
-------+----------+-------------------------------------------
     0 | D:1      | VAZYLA the Vampire Brigand began the quest for the Orb.
     0 | D:1      | Reached XP level 1. HP: 16/16 MP: 1/1
    46 | D:1      | Reached skill level 6 in Stealth
   121 | D:1      | Reached XP level 2. HP: 22/22 MP: 2/2
   639 | D:2      | Gained mutation: You are afflicted with vampirism and can
                  | become a bat while bloodless. [Vampire growth]
   639 | D:2      | Reached XP level 3. HP: 25/27 MP: 3/3
  1188 | D:2      | Found a sparkling altar of Nemelex Xobeh.
  1517 | D:3      | Reached XP level 4. HP: 33/33 MP: 4/4
  1554 | D:3      | Reached skill level 7 in Stealth
  2053 | D:4      | Found an ancient bone altar of Kikubaaqudgha.
  2166 | D:4      | Reached XP level 5. HP: 39/39 MP: 5/5
  2339 | D:4      | Identified the +0 helmet of Uskayaw's Pride {rC+ MP+9}
  2894 | D:5      | Entered Level 5 of the Dungeon
  2912 | D:5      | Noticed a water moccasin
  2915 | D:5      | Killed a water moccasin
  2916 | D:5      | Reached skill level 8 in Stealth
  2916 | D:5      | Reached XP level 6. HP: 46/46 MP: 6/6
  3109 | D:5      | Found a staircase to the Ecumenical Temple.
  3120 | Temple   | Entered the Ecumenical Temple
  3192 | Temple   | Became a worshipper of Uskayaw the Reveller
  3270 | D:5      | Reached * piety under Uskayaw
  3273 | D:5      | Reached ** piety under Uskayaw
  3278 | D:5      | Reached *** piety under Uskayaw
  3325 | D:5      | Noticed an ice beast
  3369 | D:5      | Killed an ice beast
  3370 | D:5      | Reached skill level 5 in Short Blades
  3370 | D:5      | Reached XP level 7. HP: 50/52 MP: 7/7
  3381 | D:5      | Reached **** piety under Uskayaw
  3384 | D:5      | Reached skill level 1 in Invocations
  3442 | D:5      | Reached skill level 9 in Stealth
  3567 | D:5      | Found a sparkling altar of Nemelex Xobeh.
  4109 | D:6      | Noticed Grinder
  4113 | D:6      | Paralysed by Grinder for 4 turns
  4146 | D:6      | Killed Grinder
  4147 | D:6      | Reached XP level 8. HP: 30/59 MP: 9/9
  4263 | D:6      | Reached skill level 10 in Stealth
  4318 | D:6      | Noticed Sigmund
  4325 | D:6      | Killed Sigmund
  4506 | D:6      | Found a stormy altar of Qazlal.
  4507 | D:6      | Noticed Dowan
  4509 | D:6      | Noticed Duvessa
  4532 | D:6      | Duvessa changed into Duvessa the centaur
  4532 | D:6      | Noticed Duvessa
  4536 | D:6      | Slain by Duvessa the centaur

Illustrated notes

Levels and vault maps discovered:
D:1:      minmay_arrival_arboretum_large, layout_basic, serial_bayou_pond_b,
          roderic_serpentine_path, amcnicky_mini_pool_small
D:2:      layout_loops_corners, basic_altar, minmay_lizard_king
D:3:      layout_rooms, minmay_bisected
D:4:      layout_basic, kiku_gazebo_pond_becter
D:5:      layout_basic, nemelex_dance_club_becter,
          minmay_temple_entry_stoned_glass, minmay_misc_feat_diagonals
D:6:      layout_rooms, mainiacjoe_overflow_concentric_impassable,
          nicolae_kite_square_tiling_tiny, eino_small_chamber_without_monster,
          uniq_duvessa, uniq_grinder, uniq_sigmund
Temple:   minmay_temple_bridge_d

Skill      XL: |  1  2  3  4  5  6  7  8 |
---------------+-------------------------+-----
Stealth        | 6 7 8 9 10 | 10.8
Fighting       | 2 3 4 |  4.0
Short Blades   | 3 4 5 6 |  6.9
Throwing       | 2 3 |  3.8
Invocations    | 1 2 |  2.5
Dodging        | |  1.1

Action                     |  1- 3 |  4- 6 |  7- 9 || total
---------------------------+-------+-------+-------++-------
  Melee: Dagger            |    95 |   160 |   119 ||   374
         Bite              |     4 |    12 |    21 ||    37
         Punch             |     2 |       |       ||     2
  Throw: Dart              |       |     2 |    22 ||    24
 Invoke: Stomp             |       |       |     3 ||     3
         Line Pass         |       |       |     3 ||     3
  Evoke: Wand              |       |       |     1 ||     1
    Use: Scroll            |       |     7 |     3 ||    10
         Potion            |       |       |     2 ||     2
   Stab: Sleeping          |    13 |    10 |     3 ||    26
         Paralysed         |       |     2 |     1 ||     3
         Distracted        |       |     1 |       ||     1
         Confused          |       |       |     1 ||     1
 Armour: Robe              |    11 |       |       ||    11
         Leather armour    |    27 |    92 |   104 ||   223
  Dodge: Dodged            |    51 |    69 |    57 ||   177
